Map: Site Delta LE

Players

Dark

  • Race: Zerg Zerg
  • Spawn Location: 11:00

LiquidClem (Clem) - Winner!

  • Race: Terran Terran
  • League: Grandmaster
  • Spawn Location: 5:00

VOD

Have the link to the VOD?

Description

Time

  • Played on: Oct. 23, 2023, 9:21 p.m.
  • Length: 13:15
Show
View Real Time Build Order
Export as new Build Order

Dark Zerg 

Build Orders: Hatch First 

Get SALT Encoding   

  12  0:00  Drone  
  13  0:12  Overlord  
  13  0:19  Drone  
  14  0:31  Drone x2  
  16  0:48  Hatchery  
  15  0:52  Drone  
  15  0:54  Drone  
  17  0:57  Drone  
  18  1:08  Extractor  
  17  1:13  Spawning Pool  
  17  1:17  Drone  
  17  1:19  Drone  
  18  1:28  Drone  
  19  1:40  Drone  
  20  1:49  Drone  
  21  2:00  Queen x2  
  25  2:02  Zergling x4  
  27  2:10  Metabolic Boost  
  27  2:11  Zergling x2  
  27  2:13  Overlord  
  28  2:33  Drone x2  
  28  2:34  Drone x2  
  32  2:37  Queen x2  
  36  2:45  Overlord  
  36  2:53  Overlord  
  36  3:05  Drone x4  
  40  3:11  Overlord  
  40  3:12  Zergling x4  
  42  3:19  Zergling x4  
  44  3:27  Drone  
  44  3:29  Drone  
  44  3:33  Hatchery  
  45  3:38  Drone  
  46  3:41  Drone  
  46  3:43  Queen  
  46  3:44  Roach Warren  
  46  3:47  Drone  
  46  3:48  Drone  
  50  3:49  Drone x2  
  50  3:51  Drone  
  53  3:56  Drone  
  53  4:00  Drone x2  
  53  4:01  Drone  
  57  4:09  Drone  
  57  4:12  Drone  
  55  4:19  Drone  
  55  4:22  Extractor  
  55  4:23  Extractor, Drone  
  54  4:29  Drone  
  56  4:37  Drone  
  56  4:38  Hatchery  
  56  4:40  Lair  
  53  4:46  Roach x2, Evolution Chamber  
  53  4:47  Evolution Chamber  
  53  4:48  Roach  
  57  4:53  Drone x6  
  57  4:54  Drone  
  57  4:57  Drone  
  57  4:59  Drone  
  66  5:07  Overlord  
  66  5:08  Overlord  
  66  5:10  Overlord  
  66  5:16  Zerg Missile Weapons Level 1, Extractor  
  66  5:18  Drone  
  66  5:27  Drone x6  
  72  5:30  Drone x2  
  72  5:31  Drone x2, Zerg Ground Armor Level 1  
  72  5:33  Drone x2  
  72  5:34  Drone x2  
  80  5:36  Extractor  
  80  5:37  Extractor  
  80  5:41  Glial Reconstitution  
  78  5:43  Drone  
  78  5:45  Roach x2  
  78  5:49  Roach  
  85  5:52  Roach  
  85  5:54  Drone x2  
  85  5:57  Roach x2  
  93  5:59  Roach  
  93  6:01  Overlord  
  93  6:02  Overlord  
  95  6:11  Overlord  
  95  6:14  Overlord  
  95  6:15  Overlord x2  
  93  6:21  Roach x5  
  101  6:26  Roach  
  101  6:27  Overlord  
  101  6:28  Overlord x2  
  101  6:30  Roach  
  101  6:31  Roach  
  107  6:33  Roach  
  107  6:34  Roach  
  107  6:36  Roach  
  107  6:38  Roach  
  115  6:43  Roach x3  
  115  6:45  Roach  
  123  6:48  Roach x2  
  125  6:55  Roach x2  
  125  6:56  Queen  
  125  6:58  Ravager  
  125  6:59  Roach x2  
  125  7:02  Roach x2  
  125  7:03  Roach  
  125  7:05  Roach  
  125  7:07  Roach  
  131  7:09  Roach  
  131  7:12  Roach x2  
  131  7:15  Ravager x7  
  144  7:17  Roach  
  144  7:19  Roach  
  144  7:22  Roach x2  
  152  7:26  Queen  
  152  7:28  Roach  
  152  7:29  Roach  
  158  7:32  Roach  
  148  7:49  Roach x4  
  134  7:54  Roach  
  134  7:57  Roach x3  
  134  7:58  Roach x2  
  126  7:59  Roach x2  
  126  8:00  Drone x2  
  126  8:01  Zerg Ground Armor Level 2  
  126  8:03  Queen  
  126  8:04  Queen  
  130  8:07  Drone x2  
  130  8:10  Zerg Missile Weapons Level 2  
  126  8:18  Drone x5  
  131  8:22  Drone, Extractor  
  131  8:24  Extractor  
  130  8:28  Roach x2  
  130  8:29  Roach  
  130  8:31  Ravager x3  
  130  8:32  Ravager  
  130  8:33  Roach  
  144  8:34  Roach x2  
  144  8:35  Roach  
  144  8:36  Roach  
  144  8:37  Roach  
  152  8:42  Overlord  
  152  8:46  Overlord  
  152  8:50  Overlord  
  152  8:53  Overlord  
  152  8:54  Roach x3  
  152  8:55  Roach x2  
  156  8:59  Overlord  
  156  9:02  Drone x3  
  159  9:03  Roach x2  
  159  9:06  Roach  
  159  9:09  Ravager  
  166  9:10  Ravager x4  
  166  9:12  Roach x2  
  166  9:13  Roach  
  166  9:15  Roach  
  166  9:16  Roach  
  180  9:18  Roach  
  180  9:23  Roach x3  
  188  9:28  Ravager x3  
  191  9:32  Roach  
  191  9:33  Roach x2  
  191  9:34  Roach  
  199  9:38  Overlord  
  199  9:50  Overlord  
  199  10:00  Infestation Pit  
  199  10:04  Roach  
  191  10:19  Roach  
  191  10:20  Roach x3  
  199  10:23  Zerg Melee Weapons Level 1  
  181  10:31  Roach x3  
  181  10:32  Roach x2  
  181  10:33  Roach x2  
  175  10:39  Zergling x28  
  175  10:41  Roach  
  184  10:43  Hive  
  184  10:44  Queen  
  184  10:45  Queen  
  184  10:48  Roach x2  
  184  10:49  Roach x2  
  191  11:04  Baneling Nest, Roach x4  
  184  11:14  Zergling x8  
  184  11:17  Ravager x4  
  187  11:19  Roach x2  
  164  11:26  Roach x2  
  164  11:28  Roach x2  
  166  11:34  Roach  
  166  11:35  Roach  
  149  11:40  Roach x2  
  149  11:43  Roach x2  
  149  11:44  Queen x2  
  151  11:47  Ravager x5  
  151  11:49  Roach x2  
  157  11:55  Roach  
  157  11:58  Roach x2  
  157  11:59  Roach x2  
  157  12:00  Roach x2  
  167  12:04  Hydralisk Den  
  167  12:05  Roach  
  167  12:07  Roach x2  
  170  12:08  Roach  
  170  12:11  Roach x2  
  170  12:14  Roach  
  161  12:18  Roach  
  161  12:20  Roach  
  161  12:21  Roach  
  161  12:22  Roach x2, Queen x2  
  144  12:26  Roach x3  
  144  12:29  Ravager x2  
  149  12:32  Roach  
  149  12:33  Roach x2  
  149  12:35  Roach  
  149  12:36  Roach  
  159  12:39  Roach x2  
  159  12:44  Roach x2  
  157  12:47  Roach  
  157  12:50  Roach  
  149  12:54  Roach x2  
  149  12:55  Roach x3  
Show
View Real Time Build Order
Export as new Build Order

LiquidClem Terran - Winner!

Build Orders:  

Get SALT Encoding   

  12  0:00  SCV  
  13  0:12  SCV  
  14  0:17  Supply Depot  
  14  0:24  SCV  
  15  0:39  SCV  
  15  0:40  Barracks  
  16  0:43  Refinery  
  16  0:51  SCV  
  17  0:59  Barracks  
  17  1:03  SCV  
  18  1:15  SCV  
  19  1:27  Orbital Command, Reaper  
  20  1:35  Supply Depot  
  20  1:46  Reaper  
  21  1:53  SCV  
  22  2:02  Reaper  
  22  2:08  Command Center  
  23  2:10  SCV  
  24  2:17  Refinery  
  24  2:22  SCV  
  26  2:34  SCV  
  27  2:39  Factory  
  26  2:46  SCV  
  26  2:50  Barracks Reactor  
  27  2:56  Command Center  
  27  2:59  SCV  
  28  3:10  Barracks Tech Lab  
  28  3:11  SCV  
  29  3:20  Orbital Command  
  29  3:23  SCV  
  30  3:31  Cyclone x2  
  34  3:34  Stimpack  
  34  3:35  SCV  
  35  3:43  Barracks Reactor, Marine  
  35  3:45  SCV  
  37  3:50  SCV  
  38  3:57  SCV  
  38  4:00  Marine  
  40  4:02  SCV  
  40  4:04  Hellion x2  
  40  4:09  SCV  
  43  4:12  SCV  
  43  4:15  SCV  
  42  4:18  Marine  
  42  4:19  Marine x2  
  42  4:21  SCV  
  42  4:24  Starport  
  44  4:25  Orbital Command  
  44  4:27  SCV  
  44  4:33  Hellion, SCV  
  44  4:36  Hellion  
  48  4:39  SCV  
  48  4:40  Marine  
  48  4:41  Marine  
  48  4:43  Marine  
  52  4:45  SCV  
  52  4:51  SCV  
  54  4:53  Orbital Command, Supply Depot  
  54  4:57  Marine  
  54  4:58  SCV  
  54  4:59  Marine  
  57  5:02  Marine  
  57  5:03  SCV  
  57  5:05  Supply Depot  
  59  5:08  Refinery  
  59  5:10  SCV  
  59  5:13  Medivac x2  
  64  5:15  Factory Tech Lab, SCV, Engineering Bay  
  64  5:18  Engineering Bay  
  64  5:19  SCV  
  64  5:20  Marine x3  
  69  5:22  SCV  
  69  5:25  Combat Shield  
  69  5:28  SCV, Supply Depot  
  70  5:33  SCV  
  70  5:34  Refinery  
  70  5:35  SCV  
  73  5:38  Marine x2  
  73  5:42  Barracks, Marine  
  75  5:44  SCV  
  75  5:47  Terran Infantry Weapons Level 1, Terran Infantry Armor Level 1  
  75  5:49  SCV  
  78  5:53  SCV  
  78  5:56  Siege Tank, Marine  
  83  5:57  SCV  
  83  6:01  Marine  
  83  6:02  Marine  
  83  6:03  SCV  
  87  6:05  SCV  
  87  6:10  SCV  
  89  6:12  Supply Depot  
  89  6:14  Marine  
  89  6:15  SCV  
  89  6:17  SCV  
  91  6:21  Barracks  
  91  6:22  Barracks, Marine  
  91  6:23  SCV  
  93  6:30  Supply Depot x2  
  93  6:33  SCV x2  
  93  6:34  Barracks Reactor  
  93  6:35  SCV, Marine  
  100  6:40  Siege Tank, Marine  
  100  6:41  Supply Depot  
  100  6:44  Supply Depot  
  101  6:49  Refinery x2  
  101  6:51  SCV x2, Marine  
  101  6:52  Factory  
  101  6:53  Marine  
  103  6:54  Medivac  
  103  6:56  SCV  
  103  6:57  Medivac  
  103  6:58  Marine  
  109  7:02  Supply Depot  
  100  7:09  SCV, Marine  
  100  7:10  Armory, Marine  
  100  7:11  Bunker  
  100  7:13  Barracks Reactor x2, Marine  
  100  7:14  Supply Depot  
  104  7:16  Marine  
  104  7:17  Siege Tank  
  104  7:22  Supply Depot  
  108  7:24  Marine  
  108  7:25  SCV  
  108  7:26  Bunker, SCV  
  108  7:27  Marine  
  108  7:28  SCV  
  113  7:32  Marine  
  113  7:33  Marine  
  113  7:35  Medivac x2  
  119  7:37  SCV, Supply Depot  
  119  7:40  Marine  
  119  7:42  Marine  
  119  7:44  Factory Tech Lab  
  119  7:45  Marine  
  119  7:50  Marine  
  119  7:51  Marine x4  
  106  7:52  Marine  
  106  7:54  SCV x2  
  106  7:56  SCV  
  106  7:58  Marine  
  98  7:59  Siege Tank  
  98  8:01  Terran Infantry Weapons Level 2, Marine  
  98  8:02  Marine  
  98  8:05  Siege Tank  
  104  8:06  SCV x2  
  104  8:08  Marine, SCV  
  104  8:09  Marine x2  
  102  8:13  Marine x2  
  102  8:15  Marine  
  102  8:16  Marine  
  102  8:18  SCV x2  
  108  8:20  SCV  
  108  8:21  Marine  
  108  8:22  Marine  
  108  8:25  Terran Vehicle Weapons Level 1  
  108  8:26  Marine  
  112  8:28  Terran Infantry Armor Level 2  
  112  8:29  Marine x2  
  112  8:30  SCV x2  
  112  8:32  SCV  
  117  8:35  Siege Tank  
  117  8:36  Marine x3  
  117  8:37  Marine  
  117  8:40  Marine x2  
  126  8:42  SCV x2  
  126  8:44  Siege Tank, Marine  
  126  8:45  SCV  
  126  8:47  Marine  
  134  8:49  Marine  
  134  8:54  SCV  
  134  8:55  SCV  
  134  8:57  SCV, Marine x2  
  134  8:58  Marine x3  
  134  9:02  Supply Depot  
  140  9:04  Marine  
  140  9:05  Marine x2  
  140  9:06  Command Center  
  143  9:12  Siege Tank, Sensor Tower  
  143  9:15  Medivac x2  
  150  9:19  Marine  
  150  9:20  Siege Tank  
  150  9:21  Marine x3  
  150  9:23  Marine  
  158  9:24  Marine x2  
  158  9:26  Marine  
  159  9:38  Barracks  
  159  9:41  Barracks x2  
  159  9:44  Siege Tank, Supply Depot  
  159  9:45  Supply Depot  
  162  9:50  Medivac x2  
  166  9:52  Marine  
  166  9:53  Supply Depot  
  166  9:54  Marine x2  
  166  9:55  Marine  
  166  9:56  Marine  
  171  10:02  Marine x2  
  171  10:05  Marine  
  171  10:06  Siege Tank  
  177  10:11  Marine  
  172  10:15  Marine x2  
  172  10:16  Siege Tank  
  172  10:17  Marine  
  172  10:18  Supply Depot  
  177  10:23  Marine  
  177  10:24  Marine x4  
  177  10:29  Marine  
  177  10:33  Marine x2  
  177  10:34  Sensor Tower, Refinery  
  176  10:37  Refinery  
  176  10:38  Siege Tank, Barracks Tech Lab  
  176  10:39  Barracks Tech Lab x2  
  176  10:40  Marine  
  176  10:42  Marauder  
  180  10:45  Marine x2  
  180  10:47  Marine  
  180  10:48  Siege Tank  
  181  10:51  Marine  
  181  10:52  Marine  
  181  10:53  Marine  
  184  10:57  Planetary Fortress  
  184  11:01  SCV  
  184  11:02  Marine  
  184  11:03  Marauder  
  188  11:06  Marauder x2  
  188  11:09  Marine  
  188  11:10  Widow Mine  
  188  11:11  Marine x2  
  190  11:15  Marauder  
  191  11:20  Marine  
  191  11:23  Marine x2  
  191  11:25  Marauder  
  179  11:28  Marine x2, Marauder  
  179  11:29  Siege Tank, Marine x2  
  178  11:37  Medivac  
  178  11:38  Siege Tank  
  178  11:39  Marine  
  170  11:42  Marine  
  170  11:43  Marauder  
  170  11:45  Marine, Marauder  
  165  11:49  Medivac  
  165  11:52  Marine x3  
  165  11:53  Marauder  
  171  11:54  Marine x2  
  171  11:55  Marine  
  171  11:58  Marine  
  174  12:02  Marine  
  174  12:03  Marine  
  174  12:04  Marauder  
  174  12:05  Marine  
  174  12:06  Medivac  
  180  12:09  Marine  
  180  12:10  Marine x2  
  180  12:11  Siege Tank  
  180  12:12  Marine  
  180  12:14  Siege Tank, Marine  
  180  12:15  Marine x2  
  182  12:19  Medivac, Marine  
  182  12:22  Marine  
  175  12:23  Marine x2  
  175  12:27  Marauder, Marine  
  178  12:30  Marine x3  
  177  12:38  Medivac, Marine  
  177  12:39  Marine x2  
  177  12:43  Siege Tank  
  183  12:44  Marine, Marauder  
  183  12:48  Marine  
  181  12:52  Marauder  
  181  12:53  Marine x2  
  181  12:55  Marine  
Tags
 
Add a new tag
Caveats
  • Supply blocks, unpowered buildings, or Contaminate may cause inaccurate times.
  • Supply counts are checked every 10 seconds.